 Dungeon Sprint DCSS version 0.28-a0-957-g42eb19b844 (webtiles) character file.

Game seed: 8950932686661782574

70 mhtbhm the Skirmisher (level 4, -6/48 HPs)
             Began as a Gargoyle Fighter on Dec 1, 2021.
             Killed by divine providence
             ... invoked by an orc priest
              (15 damage)
             ... in the Dungeon (Sprint IX: "|||||||||||||||||||||||||||||").
             The game lasted 00:00:08 (54 turns).

mhtbhm the Skirmisher (Gargoyle Fighter)              Turns: 54, Time: 00:00:09

Health: -6/48      AC: 11    Str: 22    XL:     4   Next: 22%
Magic:  4/4        EV:  9    Int:  8    God:
Gold:   0          SH:  5    Dex:  9    Spells: 3/3 levels left

rFire   . . .      SeeInvis .   a - +0 flail
rCold   . . .      Faith    .   c - +0 buckler
rNeg    + . .      Spirit   .   b - +0 scale mail
rPois   ∞          Reflect  .   (no helmet)
rElec   +          Harm     .   (no cloak)
rCorr   .          Rampage  .   (no gloves)
Will    .....      NoTele   +   (no boots)
Stlth   ..........              (no amulet)
HPRegen 0.16/turn               (no ring)
MPRegen 0.09/turn               (no ring)

@: berserking, very quick
A: sickness immunity, AC +3, negative energy resistance 1, electricity
resistance, torment resistance 1, petrification resistance
a: no special abilities


You were in the Dungeon.
You visited 1 branch

Inventory:

Hand Weapons
 a - a +0 flail (weapon)
Armour
 b - a +0 scale mail (worn)
 c - a +0 buckler (worn)
Scrolls
 j - a scroll of blinking
Potions
 d - a potion of might
 e - a potion of curing
 f - a potion of heal wounds
 g - a potion of haste
 h - 2 potions of magic


   Skills:
 + Level 5.7 Fighting
 + Level 3.4 Maces & Flails
 + Level 5.7 Armour
 + Level 5.5 Shields


You had 3 spell levels left.
You didn't know any spells.
Your spell library was empty.

Dungeon Overview and Level Annotations

Branches:
Dungeon (1/1)

Altars:


Innate Abilities, Weirdness & Mutations

You are immune to sickness and miasma.
Your stone body is resilient. (AC +3)
You are immune to poison.
You resist negative energy. (rN+)
You are resistant to electric shocks. (rElec)
You are resistant to unholy torment.
You are immune to petrification.


Message History

Beogh smites you!
You bludgeon the howler monkey!!
The howler monkey is almost dead.
The howler monkey hits you.
The orc priest mumbles some strange prayers to Beogh against you.
Beogh smites you!
* * * LOW HITPOINT WARNING * * *
You barely miss the howler monkey.
The howler monkey is almost dead.
You block the howler monkey's attack.
You sock the howler monkey!
You kill the howler monkey!
Your Fighting skill increases to level 5!
Your Maces & Flails skill increases to level 3!
Your Armour skill increases to level 5!
Your Shields skill increases to level 5!
You have reached level 3!
Your experience leads to an increase in your attributes!
Increase (S)trength, (I)ntelligence, or (D)exterity?
You feel stronger. x2
Unknown command.
You barely miss the iguana. You block the iguana's attack.
You sock the iguana!
The iguana is almost dead.
You block the iguana's attack.
You hit the iguana but do no damage.
The iguana is almost dead.
The iguana barely misses you.
You closely miss the iguana.
The iguana is almost dead.
You sock the iguana!
You kill the iguana!
You have reached level 4!
You feel stronger.
Unknown command.
You hit the orc priest.
The orc priest is lightly wounded.
The orc priest invokes the aid of Beogh against you.
Beogh smites you!
You die... ▓▓▓▓▓▓▓▓▓▓▓▓▓▓▓▓▓▓ ▓<...)....@osl...+ ▓▓▓▓▓▓▓▓▓▓▓▓▓▓▓▓▓▓

You could see a scorpion, an iguana and an orc priest.

Vanquished Creatures
  A howler monkey (D)
  An iguana (D)
  A dart slug (D)
  A bat (D)
  A goblin (D)
  A quokka (D)
  A frilled lizard (D)
7 creatures vanquished.

Notes
Turn   | Place    | Note
-------+----------+-------------------------------------------
     0 | D        | mhtbhm the Gargoyle Fighter began the quest for the Orb.
     0 | D        | Reached XP level 1. HP: 14/14 MP: 1/1
    12 | D        | Reached XP level 2. HP: 18/20 MP: 2/2
    44 | D        | Noticed a howler monkey
    44 | D        | Noticed a scorpion
    48 | D        | Killed a howler monkey
    49 | D        | Reached skill level 5 in Fighting
    49 | D        | Reached skill level 5 in Armour
    49 | D        | Reached skill level 5 in Shields
    49 | D        | Reached XP level 3. HP: 7/26 MP: 3/3
    54 | D        | Reached XP level 4. HP: 9/32 MP: 4/4
    54 | D        | Killed from afar by an orc priest

Illustrated notes

Levels and vault maps discovered:
D:        linesprint [early_d, line_temple, items_1, d_10, items_2, lair_1,
          lair_end, items_3, orc_1, orc_end, items_4, d_15, swamp_1, shoals_1,
          snake_1, spider_1, d_20, vaults_1, items_5, swamp_end, shoals_end,
          snake_end, spider_end, vaults_end, d_27, items_6, zot_1, zot_end,
          crypt_end, forest_end, elf_end, slime_end, tomb_end, abyss_end,
          pan_hell_end]

Skill      XL: |  1  2 |
---------------+-------+-----
Fighting       | 4 5 |  5.7
Armour         | 4 5 |  5.7
Shields        | 4 5 |  5.5
Maces & Flails | 3 |  3.4

Action                   |  1- 3 |  4- 6 || total
-------------------------+-------+-------++-------
Melee: Flail             |    15 |     1 ||    16
  Use: Potion            |     1 |       ||     1
Dodge: Dodged            |     2 |       ||     2
Block: Buckler           |     4 |       ||     4

Table legend: (Time is in decaauts)
 A = Elapsed time spent in this place.
 B = Non-inter-level travel time spent in this place.
 C = Inter-level travel time spent in this place.
 D = Time resting spent in this place.
 E = Time spent auto-exploring this place.
 F = Levels seen in this place.
 G = Mean time per level.
                   A        B        C        D        E       F      G
               +--------+--------+--------+--------+--------+-----+--------+
         Total |     54 |     54 |      0 |     27 |      3 |   1 |   54.0 |
       Dungeon |     54 |     54 |      0 |     27 |      3 |   1 |   54.0 |
               +--------+--------+--------+--------+--------+-----+--------+

Top non-repeatable levels by time:
       D: 54 daAuts
